 Dungeon Crawl Stone Soup version 0.17.1-1-g73c8601 (webtiles) character file.

553 shmeve the Skirmisher (level 7, -3/62 HPs)
             Began as a Minotaur Fighter on Apr 24, 2016.
             Slain by a gnoll
             ... wielding a +0 spear
              (5 damage)
             ... on level 4 of the Dungeon.
             The game lasted 00:05:33 (2621 turns).

shmeve the Skirmisher (Minotaur Fighter)            Turns: 2621, Time: 00:05:33

Health: -3/62      AC:  7    Str: 21    XL:     7   Next: 8%
Magic:  6/6        EV:  8    Int:  5    God:
Gold:   298        SH: 10    Dex: 11    Spells: 0 memorised, 6 levels left

rFire  . . .     SeeInvis .     a - +0 war axe
rCold  . . .     Clarity  .     b - +0 scale mail
rNeg   . . .     SustAt   .     c - +0 shield
rPois  .         Gourm    .     (helmet restricted)
rElec  .         Spirit   .     (no cloak)
rCorr  .         Warding  .     (no gloves)
rMut   .         Stasis   .     (no boots)
MR     .....                    (no amulet)
Stlth  ..........               (no ring)
                                (no ring)

@: not resistant to hostile enchantments, extremely unstealthy
A: retaliatory headbutt, horns 2
a: no special abilities


You were on level 4 of the Dungeon.
You were not hungry.

You visited 1 branch of the dungeon, and saw 4 of its levels.

You collected 298 gold pieces.

Inventory:

Hand Weapons
 a - a +0 war axe (weapon)
Armour
 b - a +0 scale mail (worn)
 c - a +0 shield (worn)
Jewellery
 d - an uncursed ring of poison resistance {unknown}
Wands
 s - a wand of teleportation (4)
Scrolls
 f - a scroll of enchant weapon {unknown}
 h - 2 scrolls of noise {unknown}
 j - a scroll of identify {unknown}
 o - a scroll of remove curse {unknown}
 p - a scroll of teleportation {unknown}
 r - a scroll of fog {unknown}
 t - a scroll of recharging {unknown}
 w - a scroll of blinking {unknown}
 x - a scroll of fear {unknown}
Potions
 g - 2 potions of degeneration {unknown}
 i - 2 potions of lignification {unknown}
 k - 3 potions of heal wounds {unknown}
 l - a potion of flight {unknown}
 m - a potion of brilliance {unknown}
 n - 6 potions of curing {unknown}
 q - 2 potions of magic {unknown}
 u - a potion of berserk rage {unknown}
 v - a potion of poison {unknown}
Comestibles
 e - 6 bread rations


   Skills:
 * Level 5.8 Fighting
 * Level 4.6 Axes
 + Level 2.4 Throwing
 + Level 4.6 Armour
 + Level 2.4 Dodging
 * Level 5.3 Shields


You had 6 spell levels left.
You didn't know any spells.

Dungeon Overview and Level Annotations

Branches:
Dungeon (4/15)
 Temple: D:4-7

Altars:
Cheibriados


Innate Abilities, Weirdness & Mutations

You reflexively headbutt those who attack you in melee.
You have a pair of horns on your head.


Message History

You hit the gnoll but do no damage.
The gnoll is moderately wounded.
The gnoll barely misses you. x2
The gnoll hits you with a spear.
* * * LOW HITPOINT WARNING * * *
You closely miss the gnoll. You headbutt the gnoll.
The gnoll is almost dead.
You hit the gnoll.
The gnoll is moderately wounded.
The gnoll hits you but does no damage. You block the gnoll's attack.
The gnoll hits you but does no damage.
The gnoll hits you from afar with a spear!
* * * LOW HITPOINT WARNING * * *
You block the gnoll's attack.
You hit the gnoll.
You kill the gnoll!
You hit the gnoll but do no damage.
The gnoll is moderately wounded.
The gnoll hits you from afar with a spear.
You die...

#....####.####.#
#....##.....##.#
##....#.......#.##
#.....#.......#..#
#........._......#####
#.....#.......#.......
#.....#...[[..#.#####.
#....)##..[..##.#.....
#####@####.####.#.###.
##gg.........#.#...
#.g....##(####.#.##
#.....###..# #.#...
#....## #..###.####
###....# #......#
#......# ##..####
#......# #..# #......#
#.>#


You could see 3 gnolls.

Vanquished Creatures
  Sigmund (D:3)
  Purgy (D:3)
  A gnoll shaman (D:4)
  An orc priest (D:4)
  A quasit (D:3)
  6 gnolls (D:4)
  9 adders
  An ooze (D:2)
  3 giant geckos
  5 orcs
  5 bats
  5 giant cockroaches
  4 goblins
  9 hobgoblins
  5 jackals
  5 giant newts
  7 kobolds
  11 rats
80 creatures vanquished.

Notes
Turn   | Place    | Note
--------------------------------------------------------------
     0 | D:1      | shmeve the Minotaur Fighter began the quest for the Orb.
     0 | D:1      | Reached XP level 1. HP: 19/19 MP: 0/0
   120 | D:1      | Reached XP level 2. HP: 25/27 MP: 1/1
   396 | D:1      | Reached skill level 4 in Fighting
   873 | D:2      | Reached skill level 1 in Dodging
   873 | D:2      | Reached XP level 3. HP: 28/33 MP: 2/2
   991 | D:2      | Reached skill level 1 in Throwing
  1190 | D:2      | Reached XP level 4. HP: 39/41 MP: 3/3
  1832 | D:3      | Noticed Sigmund
  1843 | D:3      | Killed Sigmund
  1843 | D:3      | Reached skill level 5 in Fighting
  1843 | D:3      | Reached XP level 5. HP: 35/48 MP: 4/4
  1843 | D:3      | Reached XP level 6. HP: 40/56 MP: 5/5
  2164 | D:3      | Noticed Purgy
  2170 | D:3      | Killed Purgy
  2170 | D:3      | Reached skill level 5 in Shields
  2495 | D:4      | Found a snail-covered altar of Cheibriados.
  2614 | D:4      | Reached XP level 7. HP: 27/62 MP: 6/6
  2620 | D:4      | HP: 2/62 [gnoll/spear (7)]
  2621 | D:4      | Slain by a gnoll

Action                   |  1- 3 |  4- 6 |  7- 9 || total
-------------------------+-------+-------+-------++-------
Melee: War axe           |    81 |   124 |     6 ||   211
  Use: Potion            |       |     1 |       ||     1
  Eat: Chunk             |     1 |     5 |       ||     6
